| TOP OF THE 1ST |
|
Toronto Blue Jays batting - Pitching for Kansas City Royals : RHP Brandon Ferrari
|
|
Pitching: RHP Brandon Ferrari
|
|
|
Batting: SHB Dylan Novakowski
|
0-0: Foul Ball, location: 2F 0-1: Foul Ball, location: 2F 0-2: Strikes out swinging, 2-3 out at first.
|
|
Batting: RHB Shigem Kubo
|
0-0: Ball 1-0: Called Strike 1-1: Foul Ball, location: 2F 1-2: Strikes out swinging
|
|
Batting: SHB Zory Larikov
|
0-0: Called Strike 0-1: Swinging Strike 0-2: Foul Ball, location: 2F 0-2: Ball 1-2: Foul Ball, location: 2F 1-2: Strikes out looking
|
| Top of the 1st over - 0 runs, 0 hits, 0 errors, 0 left on base; Toronto 0 - Kansas City 0 |
| BOTTOM OF THE 1ST |
|
Kansas City Royals batting - Pitching for Toronto Blue Jays : RHP Matt Altieri
|
|
Pitching: RHP Matt Altieri
|
|
|
Batting: RHB Mike Jaquez
|
0-0: Ball 1-0: Called Strike 1-1: Ball 2-1: Called Strike 2-2: Strikes out swinging
|
|
Batting: SHB Gareth Busby
|
0-0: Ball 1-0: SINGLE (Groundball, 56D, EV 103.8 MPH)
|
|
Batting: LHB Mike Meyerhoff
|
0-0: SINGLE (Groundball, 6MS, EV 71.9 MPH) (infield hit) Gareth Busby to second
|
|
Batting: LHB Manny Estrada
|
0-0: Ball 1-0: Foul Ball, location: 2F 1-1: Ball 2-1: Called Strike 2-2: Ball 3-2: Strikes out swinging
|
|
Batting: LHB Zion Davidson
|
0-0: Called Strike 0-1: Called Strike 0-2: Ball 1-2: Strikes out swinging
|
| Bottom of the 1st over - 0 runs, 2 hits, 0 errors, 2 left on base; Toronto 0 - Kansas City 0 |
| TOP OF THE 2ND |
|
Toronto Blue Jays batting - Pitching for Kansas City Royals : RHP Brandon Ferrari
|
|
Batting: RHB Ruben Velasco
|
0-0: Ball 1-0: Foul Ball, location: 2F 1-1: SINGLE (Line Drive, 9LS, EV 105.0 MPH)
|
|
Batting: RHB Adam Burke
|
0-0: Ball 1-0: Called Strike 1-1: Ball Ruben Velasco is caught stealing 2nd base 2-4 2-1: Foul Ball, location: 2F 2-2: Strikes out swinging
|
|
Batting: LHB Isto Mäyrä
|
0-0: Called Strike 0-1: Called Strike 0-2: Foul Ball, location: 2F 0-2: Ball 1-2: SINGLE (Groundball, 5, EV 83.8 MPH) (infield hit)
|
|
Batting: RHB Tommy Mize
|
0-0: Fly out, F8 (Flyball, 8RD, EV 105.0 MPH)
|
| Top of the 2nd over - 0 runs, 2 hits, 0 errors, 1 left on base; Toronto 0 - Kansas City 0 |
| BOTTOM OF THE 2ND |
|
Kansas City Royals batting - Pitching for Toronto Blue Jays : RHP Matt Altieri
|
|
Batting: RHB Jordan Diaz
|
0-0: Foul Ball, location: 2F 0-1: Ball 1-1: Foul Ball, location: 2F 1-2: Ball 2-2: Foul Ball, location: 2F 2-2: Ground out 6-3 (Groundball, 56, EV 85.6 MPH)
|
|
Batting: SHB Gil Switzer
|
0-0: Ball 1-0: Called Strike 1-1: Swinging Strike 1-2: Ball 2-2: Strikes out swinging
|
|
Batting: RHB Alberto Rosales
|
0-0: Called Strike 0-1: Ball 1-1: Called Strike 1-2: Strikes out swinging
|
| Bottom of the 2nd over - 0 runs, 0 hits, 0 errors, 0 left on base; Toronto 0 - Kansas City 0 |
| TOP OF THE 3RD |
|
Toronto Blue Jays batting - Pitching for Kansas City Royals : RHP Brandon Ferrari
|
|
Batting: RHB Cole Zelinski
|
0-0: Swinging Strike 0-1: Ball 1-1: Foul Ball, location: 2F 1-2: Ball 2-2: Ball 3-2: Foul Ball, location: 2F 3-2: Ground out 5-3 (Groundball, 5L, EV 103.1 MPH)
|
|
Batting: LHB Jesus Romero
|
0-0: SINGLE (Line Drive, 56D, EV 100.6 MPH)
|
|
Batting: SHB Dylan Novakowski
|
0-0: Ball 1-0: SINGLE (Groundball, 56D, EV 100.0 MPH) Jesus Romero to second
|
|
Batting: RHB Shigem Kubo
|
0-0: Called Strike 0-1: Foul Ball, location: 2F 0-2: Ground out 6-3 (Groundball, 6S, EV 69.4 MPH) Jesus Romero to third Dylan Novakowski to second
|
|
Batting: SHB Zory Larikov
|
0-0: Ball 1-0: Foul Ball, location: 2F 1-1: Swinging Strike 1-2: 3-RUN HOME RUN (Flyball, 9D, EV 101.9 MPH), Distance : 406 ft
|
|
Batting: RHB Ruben Velasco
|
0-0: Ground out 6-3 (Groundball, 6, EV 90.6 MPH)
|
| Top of the 3rd over - 3 runs, 3 hits, 0 errors, 0 left on base; Toronto 3 - Kansas City 0 |
| BOTTOM OF THE 3RD |
|
Kansas City Royals batting - Pitching for Toronto Blue Jays : RHP Matt Altieri
|
|
Batting: RHB Mike Batko
|
0-0: Foul Ball, location: 2F 0-1: Ball 1-1: Foul Ball, location: 2F 1-2: Strikes out looking
|
|
Batting: RHB Mike Jaquez
|
0-0: Ball 1-0: Ball 2-0: Swinging Strike 2-1: Swinging Strike 2-2: Strikes out swinging, 2-3 out at first.
|
|
Batting: SHB Gareth Busby
|
0-0: Ball 1-0: Fly out, F5 (Popup, 25F, EV 95.0 MPH)
|
| Bottom of the 3rd over - 0 runs, 0 hits, 0 errors, 0 left on base; Toronto 3 - Kansas City 0 |
| TOP OF THE 4TH |
|
Toronto Blue Jays batting - Pitching for Kansas City Royals : RHP Brandon Ferrari
|
|
Batting: RHB Adam Burke
|
0-0: Ball 1-0: Ball 2-0: Ball 3-0: Called Strike 3-1: Swinging Strike 3-2: Foul Ball, location: 2F 3-2: Base on Balls
|
|
Batting: LHB Isto Mäyrä
|
0-0: Called Strike 0-1: Ball 1-1: Fielders Choice at 2nd, 5-6 (Groundball, 15, EV 90.0 MPH)
|
|
Batting: RHB Tommy Mize
|
0-0: Grounds into double play, 6-4-3 (Groundball, 6, EV 91.9 MPH)
|
| Top of the 4th over - 0 runs, 0 hits, 0 errors, 0 left on base; Toronto 3 - Kansas City 0 |
| BOTTOM OF THE 4TH |
|
Kansas City Royals batting - Pitching for Toronto Blue Jays : RHP Matt Altieri
|
|
Batting: LHB Mike Meyerhoff
|
0-0: Ground out 4-3 (Groundball, 4, EV 106.9 MPH)
|
|
Batting: LHB Manny Estrada
|
0-0: Called Strike 0-1: Swinging Strike 0-2: Foul Ball, location: 2F 0-2: Foul Ball, location: 2F 0-2: Foul Ball, location: 2F 0-2: Strikes out looking
|
|
Batting: LHB Zion Davidson
|
0-0: Fly out, F7 (Flyball, 7, EV 86.9 MPH)
|
| Bottom of the 4th over - 0 runs, 0 hits, 0 errors, 0 left on base; Toronto 3 - Kansas City 0 |
| TOP OF THE 5TH |
|
Toronto Blue Jays batting - Pitching for Kansas City Royals : RHP Brandon Ferrari
|
|
Batting: RHB Cole Zelinski
|
0-0: Ball 1-0: Called Strike 1-1: Called Strike 1-2: SINGLE (Groundball, 56D, EV 107.5 MPH)
|
|
Batting: LHB Jesus Romero
|
0-0: Ball 1-0: Grounds out, U3 (Groundball, 3L, EV 100.6 MPH)
|
|
Batting: SHB Dylan Novakowski
|
0-0: Ball 1-0: Called Strike 1-1: Ground out 1-3 (Groundball, 13S, EV 71.9 MPH) Cole Zelinski to third
|
|
Batting: RHB Shigem Kubo
|
0-0: Called Strike 0-1: Ball 1-1: Ball 2-1: Called Strike 2-2: Foul Ball, location: 2F 2-2: Foul Ball, location: 2F 2-2: Foul Ball, location: 2F 2-2: SINGLE (Groundball, 56, EV 101.9 MPH) Cole Zelinski scores
|
|
Batting: SHB Zory Larikov
|
0-0: Called Strike 0-1: SINGLE (Groundball, 6MD, EV 98.1 MPH) Shigem Kubo to second
|
|
Batting: RHB Ruben Velasco
|
0-0: Called Strike 0-1: Foul Ball, location: 2F 0-2: Foul Ball, location: 2F 0-2: Foul Ball, location: 2F 0-2: Ground out 5-3 (Groundball, 56S, EV 86.9 MPH)
|
| Top of the 5th over - 1 run, 3 hits, 0 errors, 2 left on base; Toronto 4 - Kansas City 0 |
| BOTTOM OF THE 5TH |
|
Kansas City Royals batting - Pitching for Toronto Blue Jays : RHP Matt Altieri
|
|
Batting: RHB Jordan Diaz
|
0-0: Called Strike 0-1: Foul Ball, location: 2F 0-2: Ball 1-2: Ball 2-2: Ground out 1-6-3 (Groundball, 15S, EV 100.6 MPH)
|
|
Batting: SHB Gil Switzer
|
0-0: Ball 1-0: Fly out, F8 (Flyball, 8RXD, EV 96.9 MPH)
|
|
Batting: RHB Alberto Rosales
|
0-0: Ground out 6-3 (Groundball, 6, EV 101.2 MPH)
|
| Bottom of the 5th over - 0 runs, 0 hits, 0 errors, 0 left on base; Toronto 4 - Kansas City 0 |
| TOP OF THE 6TH |
|
Toronto Blue Jays batting - Pitching for Kansas City Royals : RHP Brandon Ferrari
|
|
Batting: RHB Adam Burke
|
0-0: Called Strike 0-1: Ball 1-1: Swinging Strike 1-2: SINGLE (Groundball, 6MD, EV 95.6 MPH)
|
|
Batting: LHB Isto Mäyrä
|
0-0: Called Strike 0-1: Fielders Choice at 2nd, 4-6 (Groundball, 34D, EV 96.2 MPH)
|
|
Batting: RHB Tommy Mize
|
0-0: Swinging Strike 0-1: Ball 1-1: Foul Ball, location: 2F 1-2: SINGLE (Line Drive, 4MD, EV 95.6 MPH) Isto Mäyrä to second
|
|
Batting: RHB Cole Zelinski
|
0-0: Swinging Strike 0-1: Ball 1-1: Called Strike Isto Mäyrä steals 3rd base 1-2: Foul Ball, location: 2F 1-2: Ball 2-2: Foul Ball, location: 2F 2-2: Foul Ball, location: 2F 2-2: Foul Ball, location: 2F 2-2: Fly out, F9 (Flyball, 9D, EV 97.5 MPH) Runner from 3rd tags up, SCORES, no throw by RF
|
|
Pitching: RHP Nick Harmon
|
|
|
Batting: LHB Jesus Romero
|
0-0: Ball 1-0: Swinging Strike 1-1: Ball 2-1: Fielders Choice at 2nd, 6-4 (Groundball, 6, EV 87.5 MPH)
|
| Top of the 6th over - 1 run, 2 hits, 0 errors, 1 left on base; Toronto 5 - Kansas City 0 |
| BOTTOM OF THE 6TH |
|
Kansas City Royals batting - Pitching for Toronto Blue Jays : RHP Matt Altieri
|
|
Batting: RHB Mike Batko
|
0-0: Ball 1-0: Foul Ball, location: 2F 1-1: Called Strike 1-2: Fly out, F8 (Flyball, 8RS, EV 86.2 MPH)
|
|
Batting: RHB Mike Jaquez
|
0-0: Ball 1-0: Ground out 4-3 (Groundball, 4, EV 99.4 MPH)
|
|
Batting: SHB Gareth Busby
|
0-0: Called Strike 0-1: Ball 1-1: Foul Ball, location: 2F 1-2: Strikes out looking
|
| Bottom of the 6th over - 0 runs, 0 hits, 0 errors, 0 left on base; Toronto 5 - Kansas City 0 |
| TOP OF THE 7TH |
|
Toronto Blue Jays batting - Pitching for Kansas City Royals : RHP Nick Harmon
|
|
Batting: SHB Dylan Novakowski
|
0-0: Ball 1-0: Ball 2-0: Called Strike 2-1: Foul Ball, location: 2F 2-2: Foul Ball, location: 2F 2-2: Ball 3-2: Foul Ball, location: 2F 3-2: Base on Balls
|
|
Batting: RHB Shigem Kubo
|
0-0: Called Strike 0-1: Ball 1-1: SINGLE (Groundball, 56, EV 96.9 MPH) (infield hit) Dylan Novakowski to second
|
|
Batting: SHB Zory Larikov
|
0-0: Ball 1-0: Called Strike 1-1: Fielders Choice at 2nd, 3-6 (Groundball, 3, EV 82.5 MPH) Dylan Novakowski to third
|
|
Batting: RHB Ruben Velasco
|
0-0: Called Strike 0-1: Foul Ball, location: 2F 0-2: Ball 1-2: Ball 2-2: Ball 3-2: Fly out, F8 (Flyball, 89D, EV 91.2 MPH) Runner from 3rd tags up, SCORES, no throw by CF
|
|
Batting: RHB Adam Burke
|
0-0: Called Strike 0-1: Ball 1-1: Swinging Strike 1-2: Strikes out looking
|
| Top of the 7th over - 1 run, 1 hit, 0 errors, 1 left on base; Toronto 6 - Kansas City 0 |
| BOTTOM OF THE 7TH |
|
Kansas City Royals batting - Pitching for Toronto Blue Jays : RHP Matt Altieri
|
|
Batting: LHB Mike Meyerhoff
|
0-0: Ball 1-0: Ball 2-0: Foul Ball, location: 2F 2-1: Fly out, F4 (Flyball, 34D, EV 86.9 MPH)
|
|
Batting: LHB Manny Estrada
|
0-0: Ball 1-0: Called Strike 1-1: Fly out, F8 (Flyball, 89XD, EV 100.0 MPH)
|
|
Batting: LHB Zion Davidson
|
0-0: Ball 1-0: Called Strike 1-1: Swinging Strike 1-2: Strikes out looking
|
| Bottom of the 7th over - 0 runs, 0 hits, 0 errors, 0 left on base; Toronto 6 - Kansas City 0 |
| TOP OF THE 8TH |
|
Toronto Blue Jays batting - Pitching for Kansas City Royals : RHP Nick Harmon
|
|
Batting: LHB Isto Mäyrä
|
0-0: Ball 1-0: Ball 2-0: Foul Ball, location: 2F 2-1: SINGLE (Flyball, 34D, EV 88.8 MPH)
|
|
Pitching: RHP Chris Irvin
|
|
|
Batting: RHB Tommy Mize
|
0-0: Called Strike 0-1: Foul Ball, location: 2F 0-2: Grounds into double play, 1-6-3 (Groundball, 13S, EV 70.0 MPH)
|
|
Batting: RHB Cole Zelinski
|
0-0: Swinging Strike 0-1: Ball 1-1: Foul Ball, location: 2F 1-2: Ground out U3 (Groundball, 3S, EV 85.6 MPH)
|
| Top of the 8th over - 0 runs, 1 hit, 0 errors, 0 left on base; Toronto 6 - Kansas City 0 |
| BOTTOM OF THE 8TH |
|
Kansas City Royals batting - Pitching for Toronto Blue Jays : RHP Matt Altieri
|
|
Batting: RHB Jordan Diaz
|
0-0: Ball 1-0: SINGLE (Line Drive, 34D, EV 95.0 MPH)
|
|
Batting: SHB Gil Switzer
|
0-0: Ball 1-0: Foul Ball, location: 2F 1-1: Called Strike 1-2: Hit by Pitch Jordan Diaz to second
|
|
Pinch Hitting: SHB Tony Prado
|
0-0: Ball 1-0: Foul Ball, location: 2F 1-1: Ball 2-1: Ball 3-1: Foul Ball, location: 2F 3-2: DOUBLE (Line Drive, 9LS, EV 104.4 MPH) Jordan Diaz scores Gil Switzer to third
|
|
Batting: RHB Mike Batko
|
0-0: Swinging Strike 0-1: Foul Ball, location: 2F 0-2: Strikes out swinging
|
|
Batting: RHB Mike Jaquez
|
0-0: Ball 1-0: Foul Ball, location: 2F 1-1: Called Strike 1-2: Strikes out swinging
|
|
Batting: SHB Gareth Busby
|
0-0: Ball 1-0: Called Strike 1-1: SINGLE (Groundball, P, EV 90.6 MPH) (infield hit) Gil Switzer scores Tony Prado to third
|
|
Batting: LHB Mike Meyerhoff
|
0-0: Ball 1-0: Called Strike 1-1: Hit by Pitch Gareth Busby to second
|
|
Batting: LHB Manny Estrada
|
0-0: Called Strike 0-1: Foul Ball, location: 2F 0-2: Ball 1-2: Ball 2-2: Fly out, F8 (Line Drive, 8LD, EV 90.6 MPH)
|
| Bottom of the 8th over - 2 runs, 3 hits, 0 errors, 3 left on base; Toronto 6 - Kansas City 2 |
| TOP OF THE 9TH |
|
Toronto Blue Jays batting - Pitching for Kansas City Royals : RHP Chris Irvin
|
|
Now in CF: Tony Prado
|
|
|
Now in RF: Gil Switzer
|
|
|
Batting: LHB Jesus Romero
|
0-0: Foul Ball, location: 2F 0-1: Ball 1-1: Ball 2-1: Fly out, F8 (Flyball, 8RM, EV 91.2 MPH)
|
|
Batting: SHB Dylan Novakowski
|
0-0: Ball 1-0: Called Strike 1-1: Foul Ball, location: 2F 1-2: Foul Ball, location: 2F 1-2: Strikes out swinging
|
|
Batting: RHB Shigem Kubo
|
0-0: Called Strike 0-1: Ball 1-1: Foul Ball, location: 2F 1-2: Foul Ball, location: 2F 1-2: Foul Ball, location: 2F 1-2: Ground out 5-3 (Groundball, 56, EV 110.0 MPH)
|
| Top of the 9th over - 0 runs, 0 hits, 0 errors, 0 left on base; Toronto 6 - Kansas City 2 |
| BOTTOM OF THE 9TH |
|
Kansas City Royals batting - Pitching for Toronto Blue Jays : RHP Matt Altieri
|
|
Pitching: RHP Douglas ten Pas
|
|
|
Batting: LHB Zion Davidson
|
0-0: Ball 1-0: SINGLE (Line Drive, 9LM, EV 105.0 MPH)
|
|
Batting: RHB Jordan Diaz
|
0-0: Called Strike 0-1: Swinging Strike 0-2: Ball 1-2: Ball 2-2: Ball 3-2: Strikes out swinging
|
|
Batting: SHB Gil Switzer
|
0-0: Called Strike 0-1: Called Strike 0-2: Ball 1-2: Fly out, F9 (Flyball, 9LS, EV 91.2 MPH)
|
|
Batting: SHB Tony Prado
|
0-0: Swinging Strike 0-1: Ball 1-1: Foul Ball, location: 2F 1-2: Foul Ball, location: 2F 1-2: Ball 2-2: Hit by Pitch Zion Davidson to second
|
|
Pitching: LHP Katsumi Omura
|
|
|
Batting: RHB Mike Batko
|
0-0: Swinging Strike 0-1: Swinging Strike 0-2: SINGLE (Line Drive, 34D, EV 106.2 MPH) Zion Davidson to third Tony Prado to second
|
|
Batting: RHB Mike Jaquez
|
0-0: Ball 1-0: Ball 2-0: Called Strike 2-1: Foul Ball, location: 2F 2-2: Strikes out swinging
|
| Bottom of the 9th over - 0 runs, 2 hits, 0 errors, 3 left on base; Toronto 6 - Kansas City 2 |
|